 Dungeon Crawl Stone Soup version 0.22.1-1-ga44c0e56f4 (webtiles) character file.

133 Morbidden the Chopper (level 4, -5/42 HPs)
             Began as a Deep Dwarf Fighter on Oct 21, 2018.
             Slain by an ogre
             ... wielding a +0 giant spiked club
              (22 damage)
             ... on level 2 of the Dungeon.
             The game lasted 00:03:49 (1145 turns).

Morbidden the Chopper (Deep Dwarf Fighter)          Turns: 1145, Time: 00:03:50

Health: -5/42      AC:  7    Str: 26    XL:     4   Next: 93%
Magic:  4/4        EV:  7    Int:  8    God:
Gold:   81         SH: 10    Dex: 12    Spells: 3/3 levels left

rFire    . . .     SeeInvis .   a - +0 war axe
rCold    . . .     Gourm    .   c - +0 shield
rNeg     . . .     Faith    .   i - +0 scale mail
rPois    .         Spirit   .   (no helmet)
rElec    .         Reflect  .   (no cloak)
rCorr    .         Harm     .   (no gloves)
MR       .....                  (no boots)
Stlth    ..........             (no amulet)
HPRegen  0.00/turn              (no ring)
MPRegen  0.09/turn              (no ring)

@: mighty, non-regenerating
A: damage resistance, heal wounds, sense surroundings 1, no regeneration
a: Heal Wounds


You were on level 2 of the Dungeon.
You were hungry.

You visited 1 branch of the dungeon, and saw 2 of its levels.

You collected 81 gold pieces.

Inventory:

Hand Weapons
 a - a +0 war axe (weapon)
 b - a +0 hunting sling
Missiles
 m - 2 javelins (quivered)
 n - 45 stones
Armour
 c - a +0 shield (worn)
 i - a +0 scale mail (worn)
Scrolls
 g - a scroll of fog {unknown}
 h - 2 scrolls of teleportation {unknown}
 l - 4 scrolls of identify {unknown}
 o - 3 scrolls of immolation {unknown}
Potions
 e - a potion of flight {unknown}
 j - a potion of resistance {unknown}
 k - a potion of degeneration {unknown}
 p - a potion of curing {unknown}
Comestibles
 f - 5 rations


   Skills:
 + Level 3.0 Fighting
 * Level 4.0 Axes
 + Level 1.4 Slings
 + Level 4.0 Armour
 + Level 0.3 Dodging
 + Level 3.8 Shields


You had 3 spell levels left.
You didn't know any spells.
Your spell library was empty.

Dungeon Overview and Level Annotations

Branches:
Dungeon (2/15)

Altars:
Xom


Innate Abilities, Weirdness & Mutations

You are resistant to damage.
You can heal yourself by infusing magical energy.
You passively map a small area around you.
You do not regenerate.


Message History

Throwing (i - inventory. (/) - cycle)
m - 6 javelins (quivered)
Press: ? - help, Shift-Dir - straight line, f - ogre
Aim: an ogre, wielding a giant spiked club You throw a javelin.
The javelin closely misses the ogre.
Throwing (i - inventory. (/) - cycle)
m - 5 javelins (quivered)
Press: ? - help, Shift-Dir - straight line, f/p - ogre
Aim: an ogre, wielding a giant spiked club You throw a javelin.
The javelin hits the ogre!
The ogre is moderately wounded.
Throwing (i - inventory. (/) - cycle)
m - 4 javelins (quivered)
Press: ? - help, Shift-Dir - straight line, f/p - ogre
Aim: an ogre, wielding a giant spiked club (moderately wounded)
You throw a javelin. The javelin barely misses the ogre.
Throwing (i - inventory. (/) - cycle)
m - 3 javelins (quivered)
Press: ? - help, Shift-Dir - straight line, f/p - ogre
Aim: an ogre, wielding a giant spiked club (moderately wounded)
You throw a javelin. The javelin barely misses the ogre.
The ogre hits you with a giant spiked club!!
Ouch! That really hurt!
You die...

* .#.## # * #... * * ,
.... *#.###... , , ...,
#....... * , ##..,
##......† * * #..*
...#..... * ##†# *
...#..#.. * *
##.<##.###.......## ≈
...♣≈#.)........<.......
_..^...@###.##....>...Y.
,....♣#..O....%........†<
,♣.. #..................
, _. ............##.####
** ............# #. ,
,*............ #
####.......(# *
##..#..(##,* * . *, , *


You could see an ogre.

Vanquished Creatures
  An ice beast (D:2)
  An adder (D:2)
  A dart slug (D:1)
  2 leopard geckos
  A ball python (D:1)
  2 bats
  7 goblins
  4 hobgoblins
  2 frilled lizards
  6 kobolds
  A rat (D:1)
28 creatures vanquished.

Notes
Turn   | Place    | Note
-------+----------+-------------------------------------------
     0 | D:1      | Morbidden the Deep Dwarf Fighter began the quest for the
                  | Orb.
     0 | D:1      | Reached XP level 1. HP: 20/20 MP: 1/1
   204 | D:1      | Reached XP level 2. HP: 21/27 MP: 2/2
  1047 | D:2      | Reached XP level 3. HP: 23/33 MP: 3/3
  1049 | D:2      | Noticed an ice beast
  1136 | D:2      | Killed an ice beast
  1136 | D:2      | Reached skill level 1 in Slings
  1136 | D:2      | Reached XP level 4. HP: 17/42 MP: 4/4
  1139 | D:2      | Found a shimmering altar of Xom.
  1139 | D:2      | Found a shimmering altar of Xom.
  1141 | D:2      | Noticed an ogre
  1145 | D:2      | Slain by an ogre

Skill      XL: |  1  2  3 |
---------------+----------+-----
Axes           | 3 4 |  4.0
Fighting       | 3 |  3.0
Slings         | 1 |  1.4
Armour         | 4 |  4.0
Dodging        | |  0.3
Shields        | |  3.8

Action                   |  1- 3 |  4- 6 || total
-------------------------+-------+-------++-------
Melee: War axe           |    78 |       ||    78
 Fire: Hunting sling     |    13 |       ||    13
Throw: Javelin           |     2 |     4 ||     6
  Use: Potion            |     1 |       ||     1
Armor: Scale mail        |    44 |       ||    44
Dodge: Dodged            |    14 |       ||    14
Block: Shield            |    52 |       ||    52
